 Dungeon Crawl Stone Soup version 0.25-a0-302-g9f758675c1 (webtiles) character file.

Game seed: 8624707552611009287, levelgen mode: deterministic

1003 MoonlitKnight the Chopper (level 8, -2/70 HPs)
             Began as a Hill Orc Fighter on Dec 20, 2019.
             Was an Initiate of Beogh.
             Slain by an adder (4 damage)
             ... on level 6 of the Dungeon.
             The game lasted 00:07:55 (5180 turns).

MoonlitKnight the Chopper (Hill Orc Fighter)        Turns: 5180, Time: 00:07:56

Health: -2/70      AC: -1    Str: 21    XL:     8   Next: 20%
Magic:  10/10      EV:  6    Int:  8    God:    Beogh [......]
Gold:   347        SH: 10    Dex: 10    Spells: 7/7 levels left

rFire    . . .     SeeInvis .   a - +2 mace (holy)
rCold    . . .     Gourm    .   c - +0 shield
rNeg     . . .     Faith    .   v - +0 chain mail
rPois    .         Spirit   .   k - +0 helmet
rElec    .         Reflect  .   j - +2 cloak
rCorr    .         Harm     .   (no gloves)
MR       .....                  (no boots)
Stlth    ..........             (no amulet)
HPRegen  0.21/turn              (no ring)
MPRegen  0.12/turn              (no ring)

@: lethally poisoned (-2 -> -3), corroded
A: no striking features
a: Renounce Religion


You were on level 6 of the Dungeon.
You worshipped Beogh.
Beogh was noncommittal.
You were hungry.

You visited 1 branch of the dungeon, and saw 6 of its levels.

You collected 347 gold pieces.

Inventory:

Hand Weapons
 a - a +2 mace of holy wrath (weapon)
 b - a +0 hunting sling
 h - a +0 war axe
Missiles
 m - 34 poisoned darts (quivered)
Armour
 c - a +0 shield (worn)
 j - a +2 cloak (worn)
 k - a +0 helmet (worn)
 v - a +0 chain mail (worn)
Jewellery
 i - the amulet "Zeluacs" {RegenMP rC- rN+ Stlth+, unknown}
   (You found it on level 4 of the Dungeon)

   [amulet of magic regeneration]

   It increases your magic regeneration.
   It makes you vulnerable to cold.
   It protects you from negative energy.
   It makes you more stealthy.
 n - an uncursed amulet of magic regeneration
Scrolls
 g - 3 scrolls of identify
 l - 2 scrolls of remove curse
 r - 2 scrolls of enchant armour {unknown}
 t - a scroll of fog
 u - a scroll of amnesia
 w - a scroll of fear
Potions
 d - 2 potions of might
 e - 5 potions of curing {unknown}
 o - a potion of heal wounds {unknown}
 p - a potion of brilliance {unknown}
 q - 2 potions of haste {unknown}
 s - a potion of lignification {unknown}
Comestibles
 f - 6 rations


   Skills:
 + Level 6.1 Fighting
 * Level 7.2 Axes
 + Level 5.5 Armour
 + Level 5.5 Shields
 + Level 3.3 Invocations


You had 7 spell levels left.
You didn't know any spells.
Your spell library contained the following spells:

 Spells                   Type           Power        Failure   Level  Hunger
 Confusing Touch          Hex            #.....       100%        1    ##.....
 Confuse                  Hex            #.......     100%        3    ####...
 Gell's Gravitas          Tloc           #.........   100%        3    ####...
 Petrify                  Tmut/Erth      #.......     100%        4    #####..
 Metabolic Englaciation   Hex/Ice        #.........   100%        5    ######.
 Yara's Violent Unravell  Hex/Tmut       #.........   100%        5    ######.


Dungeon Overview and Level Annotations

Branches:
Dungeon (6/15)
 Temple: D:4-7

Altars:
Fedhas
Gozag
Kikubaaqudgha
Ru
Vehumet
Wu Jian


Message History

You block the jelly's attack. The iguana barely misses you.
The adder bites you.
* * * LOW HITPOINT WARNING * * *
The jelly hits you.
* * * LOW HITPOINT WARNING * * *
You are splashed with acid!
* * * LOW HITPOINT WARNING * * *
The adder bites you.
* * * LOW HITPOINT WARNING * * *
You are poisoned.
The adder poisons you!
You feel sick.
You feel sick. The adder completely misses you.
You hit the adder.
The adder is heavily wounded.
You block the adder's attack. x2
You miss the adder.
The adder is heavily wounded.
You feel sick. The adder bites you.
You die...

###### #.#.#.### .......#
#.#.#$# .....#
.#.#.#.#.########### #####
.........JlS@......# #....
.#.#.#.###########.######(#..
... ............##.#.# #.#.
#######.###.#....# #.## #>#
#..(...# # #.###.#..(..
#...######.# #.### ### ###


You could see an iguana, a jelly and an adder.

Vanquished Creatures
  3 centaurs
  4 scorpions
  A bullfrog skeleton (D:6)
  2 hounds (D:5)
  2 orc priests (D:5)
  4 orc wizards
  An iguana (D:5)
  5 worker ants
  4 adders
  2 shadow imps (D:5)
  An adder skeleton (D:4)
  An adder zombie (D:5)
  2 worms
  3 dart slugs
  2 leopard geckos
  5 orcs
  2 ball pythons (D:2)
  8 giant cockroaches
  9 goblins
  9 hobgoblins
  12 jackals
  6 quokkas
  9 bats
  2 frilled lizards
  6 kobolds
  A quokka zombie (D:6)
  6 rats
112 creatures vanquished.

Vanquished Creatures (others)
  2 orcs (D:4)
  4 toadstools (D:5)
6 creatures vanquished.

Grand Total: 118 creatures vanquished

Notes
Turn   | Place    | Note
-------+----------+-------------------------------------------
     0 | D:1      | MoonlitKnight the Hill Orc Fighter began the quest for the
                  | Orb.
     0 | D:1      | Reached XP level 1. HP: 19/19 MP: 1/1
   153 | D:1      | Reached skill level 3 in Axes
   153 | D:1      | Reached XP level 2. HP: 10/27 MP: 2/2
   724 | D:1      | Reached XP level 3. HP: 33/33 MP: 3/3
  1043 | D:2      | Found a blossoming altar of Fedhas.
  1115 | D:2      | Found a radiant altar of Vehumet.
  1173 | D:2      | Found a sacrificial altar of Ru.
  1210 | D:2      | Found an opulent altar of Gozag.
  1329 | D:2      | Reached XP level 4. HP: 32/40 MP: 4/4
  1405 | D:2      | Found an ancient bone altar of Kikubaaqudgha.
  1963 | D:3      | Reached skill level 4 in Axes
  1963 | D:3      | Reached XP level 5. HP: 29/47 MP: 5/5
  2004 | D:3      | Noticed a centaur
  2016 | D:3      | Killed a centaur
  2533 | D:3      | Reached skill level 5 in Fighting
  2552 | D:3      | Reached XP level 6. HP: 55/56 MP: 6/6
  3198 | D:4      | Noticed an orc warrior
  3199 | D:4      | Became a worshipper of Beogh the Brigand
  3225 | D:4      | Got a sparkling silver amulet
  3383 | D:4      | Reached skill level 5 in Axes
  3628 | D:5      | Entered Level 5 of the Dungeon
  3640 | D:5      | Reached skill level 1 in Invocations
  3652 | D:5      | Reached skill level 5 in Armour
  3652 | D:5      | Reached XP level 7. HP: 49/61 MP: 6/8
  3696 | D:5      | Found an ornate altar of the Wu Jian Council.
  3765 | D:5      | Reached skill level 5 in Shields
  3772 | D:5      | Reached skill level 6 in Axes
  4436 | D:5      | Reached XP level 8. HP: 66/70 MP: 10/10
  4578 | D:5      | Reached skill level 7 in Axes
  5175 | D:6      | HP: 3/70 [poisoned by an adder]
  5180 | D:6      | HP: 2/70 [poisoned by an adder]
  5180 | D:6      | Slain by an adder

Levels and vault maps discovered:
D:1:      tarquinn_simple_flora_water_a, layout_loops_cross, minmay_crystal_room
D:2:      layout_loops_cross, marbit_many_paths, fedhas_altar_2,
          nicolae_gozag_seed_capital, kiku_gazebo_pond_becter,
          nicolae_ru_path_of_blood
D:3:      layout_loops_cross
D:4:      layout_basic, guppyfry_early_orc_mine
D:5:      layout_gridville, overflow_temple_1_default, first_ration,
          minmay_gold_behind_fungi, ebering_dispersal_statue_hall,
          hangedman_decor_clover_reticule
D:6:      layout_loops_ring, lemuel_crystal_altar, st_stairs_9, tgw_sif,
          uniq_edmund

Skill      XL: |  1  2  3  4  5  6  7  8 |
---------------+-------------------------+-----
Axes           | 3 4 5 6 7 |  7.2
Fighting       | 4 5 6 |  6.1
Armour         | 4 5 |  5.5
Shields        | 4 5 |  5.5
Invocations    | 1 2 3 |  3.3

Action                   |  1- 3 |  4- 6 |  7- 9 || total
-------------------------+-------+-------+-------++-------
Melee: War axe           |    11 |    27 |       ||    38
       Mace              |   124 |   180 |   129 ||   433
Invok: Convert to Beogh  |       |     1 |       ||     1
  Use: Scroll            |       |     7 |       ||     7
  Eat: Chunk             |     2 |     6 |     6 ||    14
Armor: Scale mail        |    91 |    89 |       ||   180
       Chain mail        |       |    35 |    87 ||   122
Dodge: Dodged            |    65 |    78 |    26 ||   169
Block: Shield            |    89 |   141 |    77 ||   307

Table legend:
 A = Non-vault XP
 B = Vault XP
 C = Vault XP percentage of total XP
 D = Non-vault monster count
 E = Vault monster count
 F = Vault count percentage of total count
                 A         B        C        D         E       F
            +---------+---------+-------+---------+---------+-------
      Total |    1395 |      38 |   2.7 |     110 |       2 |   1.8
            +---------+---------+-------+---------+---------+-------
        D:1 |      43 |       0 |   0.0 |      24 |       0 |   0.0
        D:2 |      68 |       2 |   2.9 |      32 |       1 |   3.0
        D:3 |     257 |       0 |   0.0 |      24 |       0 |   0.0
        D:4 |      81 |      36 |  30.8 |       3 |       1 |  25.0
        D:5 |     902 |       0 |   0.0 |      25 |       0 |   0.0
        D:6 |      44 |       0 |   0.0 |       2 |       0 |   0.0
            +---------+---------+-------+---------+---------+-------
